 Dungeon Crawl Stone Soup version 0.29-a0-322-g68df515428 (webtiles) character file.

Game seed: 7104090541666178353

99 drugrobin the Chopper (level 4, -1/38 HPs)
             Began as a Demigod Fighter on Apr 9, 2022.
             Slain by a gnoll
             ... wielding a +0 spear
              (5 damage)
             ... on level 3 of the Dungeon.
             The game lasted 00:04:03 (2811 turns).

drugrobin the Chopper (Demigod Fighter)             Turns: 2811, Time: 00:04:04

Health: -1/38      AC:  8    Str: 27    XL:     4   Next: 22%
Magic:  6/6        EV:  8    Int: 10    God:
Gold:   90         SH:  9    Dex: 13    Spells: 3/3 levels left

rFire   . . .      SeeInvis .   b - +1 hand axe (venom)
rCold   . . .      Faith    .   c - +0 buckler
rNeg    . . .      Spirit   .   i - +0 chain mail
rPois   .          Reflect  +   (no helmet)
rElec   .          Harm     .   (no cloak)
rCorr   .          Rampage  .   (no gloves)
Will    +....                   (no boots)
Stlth   ..........              e - amulet of reflection
HPRegen 0.12/turn               k - +6 ring of strength
MPRegen 0.10/turn               r - ring of willpower

@: no status effects
A: high MP 1, forlorn, divine attributes
a: no special abilities


You were on level 3 of the Dungeon.
You visited 1 branch of the dungeon, and saw 3 of its levels.

You collected 102 gold pieces.
You spent 12 gold pieces at shops.

Inventory:

Hand Weapons
 a - a +0 war axe
 b - a +1 hand axe of venom (weapon)
 w - the +1 spear of Hospitality {antimagic, rF++}
   (You found it on level 3 of the Dungeon)

   It reduces the magical energy of the wielder, and disrupts the spells and
   magical abilities of those it strikes.
   Natural abilities and divine invocations are not affected.
   rF:        It greatly protects you from fire.
Missiles
 u - 9 poisoned darts (quivered)
Armour
 c - a +0 buckler (worn)
 i - a +0 chain mail (worn)
 v - a +0 scale mail
Jewellery
 e - an amulet of reflection (around neck)
 k - a +6 ring of strength (left hand)
 p - an amulet of guardian spirit
 r - a ring of willpower (right hand)
Scrolls
 f - 7 scrolls of identify {unknown}
 j - 2 scrolls of teleportation {unknown}
 l - a scroll of fear {unknown}
 n - a scroll of noise
 x - a scroll of enchant weapon {unknown}
Potions
 d - a potion of might
 g - 2 potions of mutation {unknown}
 m - a potion of lignification {unknown}
 o - a potion of heal wounds {unknown}
 q - a potion of brilliance {unknown}
 s - a potion of flight {unknown}
 t - a potion of magic {unknown}


   Skills:
 + Level 3.5 Fighting
 * Level 3.7 Axes
 - Level 2.6 Armour
 - Level 2.6 Shields


You had 3 spell levels left.
You didn't know any spells.
Your spell library contained the following spells:

 Spells                   Type           Power      Damage    Failure   Level
 Freeze                   Ice            0%         1d3       97%         1
 Animate Dead             Necr           0%         N/A       100%        4
 Hailstorm                Conj/Ice       0%         3d3       100%        4
 Freezing Cloud           Conj/Ice/Air   0%         6-21      100%        5
 Haunt                    Necr/Summ      0%         N/A       100%        7
 Infestation              Necr           0%         N/A       100%        8


Dungeon Overview and Level Annotations

Branches:
Dungeon (3/15)

Shops:
D:1 ((*


Innate Abilities, Weirdness & Mutations

You have an increased reservoir of magic. (+10% MP)
You shall have no god before yourself.
Your divine heritage dramatically boosts your attributes as you level up.


Message History

You have reached level 4!
You barely miss the gnoll.
The gnoll is severely wounded.
You block the gnoll's attack.
The gnoll hits you from afar with a +0 spear.
Unknown command.
You slash the gnoll!
You kill the gnoll!
The gnoll hits you from afar with a +0 spear.
Unknown command.
The gnoll hits you with a +0 spear!
You see here a +0 flail.
You completely miss the gnoll. You block the gnoll's attack.
You closely miss the gnoll. The gnoll barely misses you.
You barely miss the gnoll. The gnoll hits you with a +0 spear.
* * * LOW HITPOINT WARNING * * *
You barely miss the gnoll. The gnoll hits you with a +0 spear.
* * * LOW HITPOINT WARNING * * *
The gnoll barely misses you.
You hit the gnoll but do no damage.
The gnoll is poisoned.
The gnoll hits you with a +0 spear.
* * * LOW HITPOINT WARNING * * *
Unknown command.
Unknown command.
Unknown command.
Unknown command.
Unknown command.
You closely miss the gnoll.
The gnoll is lightly wounded.
The gnoll barely misses you.
Unknown command.
Unknown command.
Unknown command.
Throw: throwing net
Press: ? - help, Q - select action, (/) - cycle Shift-Dir - straight line, f - gnoll
Aim: a gnoll, wielding a +0 spear (lightly wounded, poisoned, 61% to hit)
You throw a throwing net.
The throwing net barely misses the gnoll.
The gnoll hits you with a +0 spear.
You die...

##...>.....######.#
###.........#....##.#
##...#<......#....##.#
##.....#.....##.....#..
#.......#....##.....###
#..........####........
#.......#### #....####
##.....## #>...#
#...)@# #....#
#.....g.# ######
#.......# #.......#
##....(## ##...## ####


You could see a gnoll (poisoned).

Vanquished Creatures
  2 gnolls (D:3)
  An adder (D:3)
  3 worms
  A dart slug (D:2)
  4 orcs (D:3)
  A bat (D:1)
  6 endoplasms
  2 giant cockroaches
  6 hobgoblins
  2 jackals (D:3)
  A quokka (D:2)
  5 ball pythons
  A frilled lizard (D:2)
  7 goblins
  5 kobolds
  4 rats
51 creatures vanquished.

Notes
Turn   | Place    | Note
-------+----------+-------------------------------------------
     0 | D:1      | drugrobin the Demigod Fighter began the quest for the Orb.
     0 | D:1      | Reached XP level 1. HP: 18/18 MP: 3/3
    89 | D:1      | Found Dioss's Antique Weapon Shop.
   367 | D:1      | Reached XP level 2. HP: 21/25 MP: 4/4
   431 | D:1      | Got Muiremeu's Papyrus of Snow
   521 | D:1      | Found Neptifirgh's Antique Weapon Shoppe.
   665 | D:1      | Found Sory's General Store.
   673 | D:1      | Bought a scroll of noise for 12 gold pieces
  1560 | D:2      | Reached XP level 3. HP: 25/31 MP: 5/5
  2318 | D:3      | Identified the +1 spear of Hospitality {antimagic, rF++}
  2802 | D:3      | Reached XP level 4. HP: 29/38 MP: 6/6
  2811 | D:3      | Slain by a gnoll

Illustrated notes

Levels and vault maps discovered:
D:1:      minmay_arrival_checkered_box, layout_basic, serial_shops, shop,
          nicolae_shop_trees, shop
D:2:      layout_basic
D:3:      layout_rooms, nicolae_overflow_crystal_walls,
          hellmonk_ecumenical_altar_pennies_from_heaven

Skill      XL: |  1  2  3 |
---------------+----------+-----
Axes           | 2 3 |  3.7
Fighting       | 3 |  3.5
Armour         | |  2.6
Shields        | |  2.6

Action                   |  1- 3 |  4- 6 || total
-------------------------+-------+-------++-------
Melee: War axe           |   102 |       ||   102
       Hand axe          |    37 |     8 ||    45
Throw: Throwing net      |       |     1 ||     1
Armor: Scale mail        |    11 |       ||    11
       Chain mail        |    44 |       ||    44
Dodge: Dodged            |    28 |     3 ||    31
Block: Buckler           |    64 |     2 ||    66

Table legend: (Time is in decaauts)
 A = Elapsed time spent in this place.
 B = Non-inter-level travel time spent in this place.
 C = Inter-level travel time spent in this place.
 D = Time resting spent in this place.
 E = Time spent auto-exploring this place.
 F = Levels seen in this place.
 G = Mean time per level.
                   A        B        C        D        E       F      G
               +--------+--------+--------+--------+--------+-----+--------+
         Total |   2863 |   2802 |     61 |    107 |   2150 |   3 |  954.3 |
       Dungeon |   2863 |   2802 |     61 |    107 |   2150 |   3 |  954.3 |
               +--------+--------+--------+--------+--------+-----+--------+

Top non-repeatable levels by time:
     D:2: 1228 daAuts
     D:1: 917 daAuts
     D:3: 717 daAuts
